 Dungeon Crawl Stone Soup version 0.28.0-43-g3370ac3207 (webtiles) character file.

Game seed: 11618944415286502315

4015 NinjaNoafa the Thaumaturge (level 10, -2/74 HPs)
             Began as a Gnoll Hedge Wizard on Apr 1, 2022.
             Was a Believer of Vehumet.
             Killed from afar by an orc wizard (7 damage)
             ... with a magic dart
             ... on level 8 of the Dungeon on Apr 2, 2022.
             The game lasted 01:00:49 (10696 turns).

NinjaNoafa the Thaumaturge (Gnoll Hedge Wizard)    Turns: 10696, Time: 01:00:50

Health: -2/74      AC: 19    Str:  9    XL:     10   Next: 23%
Magic:  18/22      EV: 14    Int: 22    God:    Vehumet [**....]
Gold:   1222       SH:  4    Dex: 11    Spells: 14/26 levels left

rFire   + + +      SeeInvis .   t - +1 short sword (protect)
rCold   + + .      Faith    +   (no shield)
rNeg    . . .      Spirit   .   u - +4 robe of Pan-Flutes {rElec rF+ Will+ Int+3}
rPois   .          Reflect  .   i - +0 helmet
rElec   +          Harm     .   e - +0 cloak {rCorr}
rCorr   +          Rampage  .   G - +0 pair of gloves {infuse}
Will    +....                   (no boots)
Stlth   +++.......              f - amulet of faith
HPRegen 0.22/turn               d - ring of Mului {rF++ rC+ rCorr Str-2 Slay+2}
MPRegen 0.18/turn               x - ring of protection from cold

@: under a protective aura, on blink cooldown, flying
A: fangs 1, strong nose, distributed training, hooves 1, iridescent scales 1,
large bone plates 1, clever 1
a: Renounce Religion


You were on level 8 of the Dungeon.
You worshipped Vehumet.
Vehumet was pleased with you.
You visited 2 branches of the dungeon, and saw 9 of its levels.

You collected 1222 gold pieces.

Inventory:

Hand Weapons
 a - a +0 dagger of electrocution
 b - a +0 whip of freezing
 k - a +0 hunting sling of venom
 p - a +2 whip of electrocution
 r - a +1 shortbow of flaming
 t - a +1 short sword of protection (weapon)
 H - a +1 flail of draining
 L - a +2 war axe
Missiles
 h - 34 sling bullets
 j - 61 arrows
 l - 7 poisoned darts
 m - 230 stones (quivered)
 n - 2 atropa-tipped darts
 s - 115 bolts
 z - 3 throwing nets
 A - 7 boomerangs
Armour
 c - the +1 leather armour of Cheibriados's Pride {Will- Slay+5}
   (You found it on level 7 of the Dungeon)

   Slay:      It affects your accuracy & damage with ranged weapons and melee
   (+5).
   Will:      It decreases your willpower.
 e - a +0 cloak of preservation (worn)
 i - a +0 helmet (worn)
 u - the +4 robe of Pan-Flutes (worn) {rElec rF+ Will+ Int+3}
   (You found it on level 3 of the Dungeon)

   Int:       It affects your intelligence (+3).
   rF:        It protects you from fire.
   rElec:     It insulates you from electricity.
   Will:      It increases your willpower.
 G - a +0 pair of gloves of infusion (worn)
 I - a +2 leather armour of poison resistance
 J - the +1 leather armour of Bedevilment {rF- rN++}
   (You found it on level 7 of the Dungeon)

   rF:        It makes you vulnerable to fire.
   rN:        It greatly protects you from negative energy.
Magical Staves
 y - a staff of poison
 K - a staff of conjuration
Jewellery
 d - the ring of Mului (left hand) {rF++ rC+ rCorr Str-2 Slay+2}
   (You acquired it on level 1 of the Dungeon)

   [ring of protection from cold]

   Str:       It affects your strength (-2).
   Slay:      It affects your accuracy & damage with ranged weapons and melee
   (+2).
   rF:        It greatly protects you from fire.
   rC:        It protects you from cold.
   rCorr:     It protects you from acid and corrosion.
 f - an amulet of faith (around neck)
 x - a ring of protection from cold (right hand)
Wands
 q - a wand of polymorph (3)
 C - a wand of charming (8)
 D - a wand of iceblast (4)
 F - a wand of acid (9)
Scrolls
 v - a scroll of magic mapping
 E - a scroll of holy word
Potions
 w - a potion of brilliance
 B - a potion of flight


   Skills:
 + Level 5.1 Fighting
 + Level 5.1 Short Blades
 + Level 5.1 Long Blades
 + Level 5.1 Axes
 + Level 5.1 Maces & Flails
 + Level 5.1 Polearms
 + Level 5.1 Staves
 + Level 5.1 Slings
 + Level 5.1 Bows
 + Level 5.1 Crossbows
 + Level 5.1 Throwing
 + Level 5.1 Armour
 + Level 6.9 Dodging
 + Level 6.6 Stealth
 + Level 5.1 Shields
 + Level 5.1 Unarmed Combat
 + Level 8.9 Spellcasting
 + Level 4.7 Conjurations
 + Level 4.2 Hexes
 + Level 4.7 Summonings
 + Level 4.2 Necromancy
 + Level 4.7 Translocations
 + Level 4.2 Transmutations
 + Level 4.2 Fire Magic
 + Level 4.2 Ice Magic
 + Level 4.2 Air Magic
 + Level 4.2 Earth Magic
 + Level 4.2 Poison Magic
 + Level 5.6 Invocations
 + Level 5.1 Evocations


You had 14 spell levels left.
You knew the following spells:

 Your Spells              Type           Power      Damage    Failure   Level
a - Magic Dart            Conj           100%       1d8       1%          1
b - Blink                 Tloc           60%        N/A       1%          2
c - Conjure Flame         Conj/Fire      29%        6-21      3%          3
d - Confusing Touch       Hex            28%        N/A       3%          3
e - Poisonous Vapours     Pois/Air       56%        N/A       1%          2
f - Slow                  Hex            100%       N/A       1%          1

Your spell library contained the following spells:

 Spells                   Type           Power      Damage    Failure   Level
 Scorch                   Fire           56%        2d8       1%          2
 Sting                    Tmut/Pois      100%       1d8       1%          1
 Call Imp                 Summ           30%        N/A       1%          2
 Mephitic Cloud           Conj/Pois/Air  29%        N/A       3%          3
 Ozocubu's Armour         Ice            28%        N/A       3%          3
 Olgreb's Toxic Radiance  Pois           28%        N/A       12%         4
 Yara's Violent Unravell  Hex/Tmut       14%        3d7       32%         5
 Enfeeble                 Hex            14%        N/A       100%        7
 Ozocubu's Refrigeration  Ice            14%        4d7       100%        7


Dungeon Overview and Level Annotations

Branches:
Dungeon (8/15)             Temple (1/1) D:4
   Lair: D:8-11

Altars:
Ashenzari
Cheibriados
Dithmenos
Elyvilon
Gozag
Kikubaaqudgha
Makhleb
Nemelex Xobeh
Qazlal
Ru
Sif Muna
Uskayaw
Vehumet
Wu Jian
Xom
Yredelemnul
Zin
The Shining One

Shops:
D:3 =   D:8 =([*:


Innate Abilities, Weirdness & Mutations

You have very sharp teeth.
Your uncanny sense of smell can sniff out nearby items.
Your experience applies equally to all skills.
You have large cloven feet.
You are partially covered in iridescent scales. (AC +2)
You are partially covered in large bone plates. (SH +4)
Your mind is acute. (Int +2)


Message History

The anaconda constricts you. The ice dragon breathes frost at you.
The blast of cold hits you! You resist.
You feel better.
The blink frog hits you but does no damage.
The anaconda bites you! The anaconda constricts you.
You hit the anaconda.
Your weapon exudes an aura of protection.
You kick the anaconda, but do no damage.
The anaconda is lightly wounded.
The anaconda bites you but does no damage.
The anaconda constricts you.
The anaconda bites you but does no damage.
The anaconda constricts you.
The orc warrior hits you but does no damage.
You can't see any enemies this would affect, really read the scroll of holy word? [Y]es or [N]o only, please.
You can't see any enemies this would affect, really read the scroll of holy word?
Okay, then.
Okay, then.
You escape the anaconda's grasp.
The blink frog blinks!
The ice dragon breathes frost at you. The blast of cold hits you. You resist.
You see here 29 bolts.
Okay, then.
Unknown command.
Casting: Slow (safe; 1% risk of failure)
Confirm with . or Enter, or press ? or * to list all spells.
You blink.
You feel very buoyant.
You fly up into the air.
The ice dragon breathes frost at you. The blast of cold hits you!! You resist.
* * * LOW HITPOINT WARNING * * *
You hit something.
Your weapon exudes an aura of protection.
You hear some strange, mumbled words.
A magic dart appears from out of thin air!
The magic dart hits you!
You die...

###### ##############
#....# #....@.D.....#
#....# #....{Do.∩.∩.#
#....#### #....FS......#
#..8...8####..F....o∩:∩#
###
#..................)..§#
##8##
#....>...8.........#####
##...#
#..o..)...(........#
#..>.[
#.J8J.(∩...8.......#
#.....
#)J(((.............#
#####..∩..


You could see 2 ice dragons, an anaconda, 2 blink frogs, an orc warrior (slow)
and an orc priest.

Vanquished Creatures
  Pikel (D:7)
  A manticore (D:7)
  A gargoyle (D:7)
  A steam dragon (D:7)
  An acid dragon (D:8)
  Duvessa (D:4)
  A hornet zombie (D:6)
  A sky beast (D:3)
  An orc warrior (D:8)
  An ice beast (D:7)
  2 ogres
  A necrophage (D:7)
  A centaur (D:6)
  2 lemures (D:7)
  Blork the orc (D:5)
  4 bullfrogs
  A water moccasin skeleton (D:5)
  Dowan (D:4)
  10 killer bees
  4 wights (D:8)
  2 howler monkeys (D:7)
  A bullfrog zombie (D:6)
  A bullfrog skeleton (D:5)
  2 hounds
  4 orc priests
  A centaur skeleton (D:5)
  A gnoll shaman (D:8)
  A jelly (D:6)
  An iguana (D:4)
  5 orc wizards
  A killer bee zombie (D:8)
  A hound skeleton (D:4)
  6 gnolls
  5 adders
  A white imp (D:6)
  2 ufetubi
  An adder skeleton (D:4)
  2 worms
  3 dart slugs
  28 orcs
  8 bats
  5 endoplasms
  3 giant cockroaches
  7 goblins
  8 hobgoblins
  6 jackals (D:2)
  7 kobolds
  3 quokkas
  7 ball pythons
  6 frilled lizards
  3 rats
169 creatures vanquished.

Vanquished Creatures (others)
  2 bushes (D:7)
  A butterfly (D:7)
  8 plants (D:5)
11 creatures vanquished.

Grand Total: 180 creatures vanquished

Notes
Turn   | Place    | Note
-------+----------+-------------------------------------------
     0 | D:1      | NinjaNoafa the Gnoll Hedge Wizard began the quest for the
                  | Orb.
     0 | D:1      | Reached XP level 1. HP: 13/13 MP: 8/8
   427 | D:1      | Reached XP level 2. HP: 19/19 MP: 10/10
   984 | D:1      | Reached XP level 3. HP: 23/25 MP: 11/11
  1029 | D:1      | HP: 1/25 [kobold/+0 short sword (5)]
  1031 | D:1      | Identified a scroll of acquirement
  1031 | D:1      | Acquired the ring of Mului {rF++ rC+ rCorr Str-2 Slay+2}
  1385 | D:2      | Reached skill level 1 in Invocations
  2090 | D:2      | Reached skill level 1 in Fighting
  2090 | D:2      | Reached skill level 1 in Short Blades
  2090 | D:2      | Reached skill level 1 in Long Blades
  2090 | D:2      | Reached skill level 1 in Axes
  2090 | D:2      | Reached skill level 1 in Maces & Flails
  2090 | D:2      | Reached skill level 1 in Polearms
  2090 | D:2      | Reached skill level 1 in Staves
  2090 | D:2      | Reached skill level 1 in Slings
  2090 | D:2      | Reached skill level 1 in Bows
  2090 | D:2      | Reached skill level 1 in Crossbows
  2090 | D:2      | Reached skill level 1 in Throwing
  2090 | D:2      | Reached skill level 1 in Armour
  2090 | D:2      | Reached skill level 1 in Shields
  2090 | D:2      | Reached skill level 1 in Unarmed Combat
  2090 | D:2      | Reached skill level 1 in Evocations
  2194 | D:2      | Reached XP level 4. HP: 10/32 MP: 11/13
  3029 | D:2      | Learned a level 2 spell: Blink
  3744 | D:3      | Found Suywozae's Jewellery Shoppe.
  3829 | D:3      | Reached skill level 1 in Hexes
  3829 | D:3      | Reached skill level 1 in Necromancy
  3829 | D:3      | Reached skill level 1 in Transmutations
  3829 | D:3      | Reached skill level 1 in Fire Magic
  3829 | D:3      | Reached skill level 1 in Ice Magic
  3829 | D:3      | Reached skill level 1 in Air Magic
  3829 | D:3      | Reached skill level 1 in Earth Magic
  3829 | D:3      | Reached skill level 1 in Poison Magic
  4244 | D:3      | Reached XP level 5. HP: 32/37 MP: 14/14
  4273 | D:3      | Identified the +4 robe of Pan-Flutes {rElec rF+ Will+
                  | Int+3}
  4416 | D:3      | Noticed a sky beast
  4430 | D:3      | Gained mutation: You have large cloven feet. [potion of
                  | mutation]
  4430 | D:3      | Gained mutation: You are partially covered in iridescent
                  | scales. (AC +2) [potion of mutation]
  4430 | D:3      | Gained mutation: Your mind is acute. (Int +2) [potion of
                  | mutation]
  4430 | D:3      | Gained mutation: You are partially covered in large bone
                  | plates. (SH +4) [potion of mutation]
  4477 | D:3      | Killed a sky beast
  5004 | D:4      | Reached XP level 6. HP: 44/44 MP: 16/16
  5021 | D:4      | Reached skill level 5 in Dodging
  5026 | D:4      | Noticed Dowan
  5026 | D:4      | Noticed Duvessa
  5035 | D:4      | Found a staircase to the Ecumenical Temple.
  5047 | D:4      | Killed Duvessa
  5047 | D:4      | Killed Dowan
  5048 | D:4      | Reached XP level 7. HP: 50/50 MP: 9/18
  5138 | Temple   | Entered the Ecumenical Temple
  5375 | Temple   | Became a worshipper of Vehumet
  5412 | D:4      | Learned a level 3 spell: Conjure Flame
  5940 | D:5      | Entered Level 5 of the Dungeon
  5940 | D:5      | Noticed Blork the orc
  5944 | D:5      | Killed Blork the orc
  5945 | D:5      | Reached skill level 5 in Stealth
  6076 | D:5      | Learned a level 3 spell: Confusing Touch
  6132 | D:5      | Reached XP level 8. HP: 48/57 MP: 17/19
  6954 | D:5      | Found a snail-covered altar of Cheibriados.
  7576 | D:6      | Acquired 783 gold pieces
  7578 | D:6      | Acquired a +0 pair of gloves of infusion
  7585 | D:6      | Acquired an amulet of faith
  7613 | D:6      | Reached skill level 8 in Spellcasting
  7637 | D:6      | Learned a level 2 spell: Poisonous Vapours
  7749 | D:6      | Reached * piety under Vehumet
  7749 | D:6      | Offered knowledge of Freeze by Vehumet.
  7996 | D:7      | Identified the +1 leather armour of Bedevilment {rF- rN++}
  8007 | D:7      | Noticed a manticore
  8281 | D:7      | Reached XP level 9. HP: 61/65 MP: 17/21
  8319 | D:7      | Found a white marble altar of Elyvilon.
  8342 | D:7      | Noticed a gargoyle
  8397 | D:7      | Killed a gargoyle
  8404 | D:7      | Killed a manticore
  8894 | D:7      | Noticed Pikel
  8952 | D:7      | Learned a level 1 spell: Slow
  9158 | D:7      | Identified the +1 leather armour of Cheibriados's Pride
                  | {Will- Slay+5}
  9205 | D:7      | Found a stormy altar of Qazlal.
  9262 | D:7      | Killed Pikel
  9263 | D:7      | Reached skill level 5 in Invocations
  9624 | D:8      | Found Ypasibos's Assorted Antiques.
  9644 | D:8      | Reached XP level 10. HP: 62/73 MP: 17/22
  9649 | D:8      | Found Zoopt's Book Boutique.
  9934 | D:8      | Offered knowledge of Scorch by Vehumet.
  9939 | D:8      | Reached ** piety under Vehumet
  9948 | D:8      | Reached skill level 5 in Fighting
  9948 | D:8      | Reached skill level 5 in Short Blades
  9948 | D:8      | Reached skill level 5 in Long Blades
  9948 | D:8      | Reached skill level 5 in Axes
  9948 | D:8      | Reached skill level 5 in Maces & Flails
  9948 | D:8      | Reached skill level 5 in Polearms
  9948 | D:8      | Reached skill level 5 in Staves
  9948 | D:8      | Reached skill level 5 in Slings
  9948 | D:8      | Reached skill level 5 in Bows
  9948 | D:8      | Reached skill level 5 in Crossbows
  9948 | D:8      | Reached skill level 5 in Throwing
  9948 | D:8      | Reached skill level 5 in Armour
  9948 | D:8      | Reached skill level 5 in Shields
  9948 | D:8      | Reached skill level 5 in Unarmed Combat
  9948 | D:8      | Reached skill level 5 in Evocations
 10101 | D:8      | Found an ancient bone altar of Kikubaaqudgha.
 10203 | D:8      | Found Sacry's Jewellery Boutique.
 10667 | D:8      | Found Sasyotup's Weapon Shop.
 10677 | D:8      | Found Depits's Armour Shoppe.
 10690 | D:8      | Noticed an ice dragon
 10690 | D:8      | a slime creature changed into an ice dragon
 10690 | D:8      | Noticed an ice dragon
 10690 | D:8      | a slime creature changed into an ice dragon
 10690 | D:8      | Noticed an anaconda
 10690 | D:8      | a slime creature changed into an anaconda
 10696 | D:8      | Killed from afar by an orc wizard

Illustrated notes

Levels and vault maps discovered:
D:1:      beargit_arrival_greenhouse, layout_loops_ring, serial_bayou_pond_e
D:2:      layout_loops_corners, due_unseen_surprise
D:3:      layout_loops_ring, serial_shops, shop, kennysheep_generic_room_6
D:4:      layout_cave_pools, minmay_temple_entry_statues, uniq_duvessa
D:5:      layout_loops_ring, kennysheep_mini, chequers_big_river,
          uniq_blork_the_orc
D:6:      layout_rooms
D:7:      layout_loops_ring, lemuel_coloured_pillars_altar,
          nicolae_elyvilon_peaceful_grove, uniq_pikel
D:8:      layout_basic, mainiacjoe_overflow_concentric_impassable,
          lemuel_crystal_altar, overflow_temple_1_default, serial_shops,
          nicolae_shop_competitors_out_of_business, shop, nicolae_stop_n_shop_2,
          nicolae_stop_n_shop_1, nicolae_stop_n_shop_2, enter_bailey_2
Temple:   dpeg_chambers_temple

Skill      XL: |  1  2  3  4  5  6  7  8  9 10 |
---------------+-------------------------------+-----
Conjurations   | 2 3 4 |  4.7
Summonings     | 2 3 4 |  4.7
Translocations | 2 3 4 |  4.7
Invocations    | 1 2 3 4 5 |  5.6
Fighting       | 1 2 3 4 5 |  5.1
Short Blades   | 1 2 3 4 5 |  5.1
Long Blades    | 1 2 3 4 5 |  5.1
Axes           | 1 2 3 4 5 |  5.1
Maces & Flails | 1 2 3 4 5 |  5.1
Polearms       | 1 2 3 4 5 |  5.1
Staves         | 1 2 3 4 5 |  5.1
Slings         | 1 2 3 4 5 |  5.1
Bows           | 1 2 3 4 5 |  5.1
Crossbows      | 1 2 3 4 5 |  5.1
Throwing       | 1 2 3 4 5 |  5.1
Armour         | 1 2 3 4 5 |  5.1
Shields        | 1 2 3 4 5 |  5.1
Unarmed Combat | 1 2 3 4 5 |  5.1
Evocations     | 1 2 3 4 5 |  5.1
Hexes          | 1 2 3 4 |  4.2
Necromancy     | 1 2 3 4 |  4.2
Transmutations | 1 2 3 4 |  4.2
Fire Magic     | 1 2 3 4 |  4.2
Ice Magic      | 1 2 3 4 |  4.2
Air Magic      | 1 2 3 4 |  4.2
Earth Magic    | 1 2 3 4 |  4.2
Poison Magic   | 1 2 3 4 |  4.2
Dodging        | 5 6 |  6.9
Stealth        | 5 6 |  6.6
Spellcasting   | 8 |  8.9

Action                   |  1- 3 |  4- 6 |  7- 9 | 10-12 || total
-------------------------+-------+-------+-------+-------++-------
Melee: Dagger            |   111 |    81 |    67 |       ||   259
       Bite              |     9 |    10 |    37 |     6 ||    62
       Punch             |     3 |       |    14 |     1 ||    18
       Kick              |       |     2 |    88 |    22 ||   112
       Short sword       |       |       |   134 |    39 ||   173
       Staff             |       |       |    58 |    19 ||    77
       Whip              |       |       |     4 |     2 ||     6
       Flail             |       |       |    17 |     1 ||    18
       War axe           |       |       |       |     2 ||     2
 Fire: Hunting sling     |     1 |    44 |    38 |     5 ||    88
       Shortbow          |       |       |    29 |    38 ||    67
Throw: Dart              |       |       |     5 |       ||     5
 Cast: Magic Dart        |    35 |    40 |     5 |    11 ||    91
       Blink             |       |    22 |     3 |     3 ||    28
       Conjure Flame     |       |       |     8 |       ||     8
       Poisonous Vapours |       |       |     2 |       ||     2
       Confusing Touch   |       |       |     2 |     1 ||     3
       Slow              |       |       |     1 |     1 ||     2
Evoke: Wand              |       |       |     3 |     7 ||    10
  Use: Potion            |     2 |     3 |     8 |     5 ||    18
       Scroll            |     2 |     4 |    12 |     1 ||    19
 Stab: Sleeping          |     5 |       |     3 |       ||     8
Armor: Robe              |    25 |    29 |   112 |    68 ||   234
       Skin              |       |    16 |       |       ||    16
Dodge: Dodged            |   112 |    56 |   189 |    65 ||   422
Block: Other             |       |     2 |    46 |    23 ||    71
